 Dungeon Crawl Stone Soup version 0.28-a0-1435-g82390b3a13 (webtiles) character file.

Game seed: 11233759822707432443

2167 pokeman the Thaumaturge (level 9, 0/49 HPs)
             Began as a Deep Elf Hedge Wizard on Jan 9, 2022.
             Slain by a killer bee zombie (6 damage)
             ... in an ossuary.
             The game lasted 00:19:26 (8911 turns).

pokeman the Thaumaturge (Deep Elf Hedge Wizard)     Turns: 8911, Time: 00:19:27

Health: 0/49       AC:  4    Str:  7    XL:     9   Next: 10%
Magic:  7/25       EV: 12    Int: 24    God:
Gold:   361        SH:  5    Dex: 14    Spells: 17/29 levels left

rFire   . . .      SeeInvis .   p - +1 whip (venom)
rCold   . . .      Faith    .   (no shield)
rNeg    . . .      Spirit   .   e - +0 leather armour
rPois   .          Reflect  +   c - +0 hat
rElec   .          Harm     .   o - +0 cloak {Stlth+}
rCorr   .          Rampage  .   (no gloves)
Will    .....                   (no boots)
Stlth   +++.......              s - amulet of reflection
HPRegen 0.16/turn               (no ring)
MPRegen 0.19/turn               (no ring)

@: on blink cooldown, very slightly contaminated
A: no striking features
a: no special abilities


You were in an ossuary.
You visited 1 branch of the dungeon, and saw 6 of its levels.
You also visited: Ossuary.

You collected 361 gold pieces.

Inventory:

Hand Weapons
 n - a +2 quarterstaff of chaos
 p - a +1 whip of venom (weapon)
 w - a +0 shortbow
Missiles
 d - 116 arrows
 j - 41 bolts
Armour
 c - a +0 hat (worn)
 e - a +0 leather armour (worn)
 o - a +0 cloak of stealth (worn)
Jewellery
 b - an amulet of the acrobat
 s - an amulet of reflection (around neck)
 y - a ring of ice
Scrolls
 f - 3 scrolls of fog
 g - 8 scrolls of identify {unknown}
 l - 3 scrolls of blinking {unknown}
 m - a scroll of immolation {unknown}
 u - 2 scrolls of magic mapping {unknown}
 v - 2 scrolls of teleportation {unknown}
 z - a scroll of holy word {unknown}
Potions
 a - 4 potions of curing {unknown}
 h - 2 potions of might
 i - a potion of mutation {unknown}
 k - a potion of heal wounds {unknown}
 q - a potion of attraction {unknown}
 r - a potion of degeneration {unknown}
 t - 2 potions of invisibility {unknown}
 x - a potion of brilliance {unknown}


   Skills:
 + Level 2.6 Fighting
 - Level 3.1 Armour
 - Level 3.0 Dodging
 - Level 3.0 Stealth
 * Level 10.9 Spellcasting
 + Level 5.8 Conjurations
 - Level 1.1 Summonings
 - Level 1.1 Translocations
 + Level 4.5 Fire Magic
 - Level 1.0 Air Magic
 - Level 2.0 Poison Magic


You had 17 spell levels left.
You knew the following spells:

 Your Spells              Type           Power      Damage    Failure   Level
a - Magic Dart            Conj           100%       1d8       1%          1
b - Mephitic Cloud        Conj/Pois/Air  27%        N/A       6%          3
c - Call Imp              Summ           18%        N/A       7%          2
d - Blink                 Tloc           36%        N/A       7%          2
e - Conjure Flame         Conj/Fire      38%        6-21      2%          3
f - Shock                 Conj/Air       100%       1d9       1%          1

Your spell library contained the following spells:

 Spells                   Type           Power      Damage    Failure   Level
 Slow                     Hex            52%        N/A       7%          1
 Inner Flame              Hex/Fire       24%        N/A       9%          3
 Swiftness                Air            18%        N/A       14%         3
 Airstrike                Air            9%         N/A       41%         4
 Cause Fear               Hex            6%         N/A       56%         4
 Discord                  Hex            6%         N/A       100%        8


Dungeon Overview and Level Annotations

Branches:
Dungeon (6/15)            Ossuary (1/1)
 Temple: D:4-7

Altars:
Beogh


Message History

You block the killer bee zombie's attack.
The killer bee zombie barely misses you.
The killer bee zombie hits you.
* * * LOW HITPOINT WARNING * * *
The water moccasin zombie bites the withered plant.
The withered plant begins to crumble.
You block the killer bee zombie's attack.
The killer bee zombie closely misses you.
The killer bee zombie completely misses you.
The killer bee zombie hits you.
* * * LOW HITPOINT WARNING * * *
The water moccasin zombie misses you.
Casting: Blink (safe; 7% risk of failure)
Confirm with . or Enter, or press ? or * to list all spells.
You blink.
The withered plant crumbles away.
Casting: Blink (safe; 7% risk of failure)
Confirm with . or Enter, or press ? or * to list all spells.
You miscast Call Imp.
You are very lightly contaminated with residual magic.
Nothing appears to happen.
The killer bee zombie hits you but does no damage.
Unknown command.
Casting: Call Imp (safe; 7% risk of failure)
Confirm with . or Enter, or press ? or * to list all spells.
A beastly little devil appears in a puff of flame.
You feel stable enough to blink again.
The killer bee zombie hits you but does no damage.
The killer bee zombie closely misses you.
Unknown command.
Casting: Call Imp (safe; 7% risk of failure)
Confirm with . or Enter, or press ? or * to list all spells.
You miscast Blink.
Nothing appears to happen.
The killer bee zombie hits you.
* * * LOW HITPOINT WARNING * * *
Something misses your crimson imp.
The killer bee zombie hits you but does no damage.
Your crimson imp barely misses the killer bee zombie.
Casting: Blink (safe; 7% risk of failure)
Confirm with . or Enter, or press ? or * to list all spells.
You blink.
The killer bee zombie hits you.
You die...

# #.# ##'# ###
##.'.. #≈≈≈#≈≈#≈#
#≈≈≈#≈.≈.#
#≈≈≈≈##≈#
#≈###≈.§§#
#≈≈≈≈≈#≈@#####'###
##≈##§§MZZ§≈≈.≈...
##≈≈#≈#5#####≈###
#≈≈##≈§§M#..∩# ##
###§M#.∩.# #
#§§§#...#
≈≈≈≈#§§##'##'##'
#≈#≈.≈≈.≈M≈M≈.≈.≈
≈≈#≈≈##+#.≈.Z.≈≈≈.


You could see 2 mummies, a water moccasin zombie, a killer bee zombie (ally
target) and a friendly crimson imp (summoned).

Vanquished Creatures
  Grinder (D:5)
  The ghost of Shayle the Grasshopper, an amateur GnWr of Yredelemnul (D:4)
  A hornet zombie (Ossuary)
  An orc warrior (D:4)
  A sky beast (D:5)
  3 ogres
  A centaur (D:5)
  A phantom (D:4)
  3 kobold brigands (D:6)
  2 howler monkeys
  A hound (D:5)
  A centaur zombie (Ossuary)
  A jelly (D:6)
  A bullfrog skeleton (D:5)
  5 orc priests
  Crazy Yiuf (D:2)
  4 mummies (Ossuary)
  9 orc wizards
  3 iguanas
  4 adders
  A worm (D:4)
  3 dart slugs
  35 orcs
  4 ball pythons
  6 endoplasms
  2 giant cockroaches
  A hobgoblin (D:1)
  2 jackals (D:3)
  4 quokkas
  7 bats
  A frilled lizard (D:1)
  9 goblins
  10 kobolds
  5 rats
135 creatures vanquished.

Vanquished Creatures (collateral kills)
  An orc (D:3)
1 creature vanquished.

Vanquished Creatures (others)
  A fungus (D:2)
  11 withered plants (Ossuary)
12 creatures vanquished.

Grand Total: 148 creatures vanquished

Notes
Turn   | Place    | Note
-------+----------+-------------------------------------------
     0 | D:1      | pokeman the Deep Elf Hedge Wizard began the quest for the
                  | Orb.
     0 | D:1      | Reached XP level 1. HP: 10/10 MP: 7/7
   387 | D:1      | Reached XP level 2. HP: 15/15 MP: 5/9
   906 | D:1      | Reached skill level 5 in Spellcasting
  1245 | D:2      | Reached XP level 3. HP: 20/20 MP: 9/11
  1249 | D:2      | Learned a level 3 spell: Mephitic Cloud
  1252 | D:2      | Learned a level 2 spell: Call Imp
  1255 | D:2      | Learned a level 2 spell: Blink
  1259 | D:2      | Learned a level 3 spell: Conjure Flame
  1330 | D:2      | Found a runed translucent door.
  1331 | D:2      | Noticed Crazy Yiuf
  1361 | D:2      | Found a faded altar of an unknown god.
  1481 | D:2      | Reached skill level 1 in Armour
  1632 | D:2      | Learned a level 1 spell: Shock
  1724 | D:2      | Reached skill level 1 in Fighting
  1724 | D:2      | Reached XP level 4. HP: 18/25 MP: 3/13
  2428 | D:2      | Killed Crazy Yiuf
  2627 | D:3      | Reached skill level 6 in Spellcasting
  2627 | D:3      | Reached skill level 1 in Fire Magic
  2627 | D:3      | Reached XP level 5. HP: 20/29 MP: 6/15
  4373 | D:4      | Reached skill level 1 in Air Magic
  4487 | D:4      | Noticed an orc warrior
  4496 | D:4      | Reached XP level 6. HP: 20/34 MP: 6/17
  4703 | D:4      | Reached skill level 1 in Poison Magic
  4887 | D:4      | Reached skill level 7 in Spellcasting
  5498 | D:4      | Reached XP level 7. HP: 34/40 MP: 10/20
  5864 | D:4      | Reached skill level 8 in Spellcasting
  6462 | D:4      | Found a runed translucent door.
  6462 | D:4      | Noticed Shayle's ghost (amateur GnWr)
  6650 | D:4      | Killed Shayle's ghost
  6651 | D:4      | Reached XP level 8. HP: 44/44 MP: 7/22
  6777 | D:5      | Entered Level 5 of the Dungeon
  6810 | D:5      | Reached skill level 9 in Spellcasting
  6925 | D:5      | Noticed Grinder
  7156 | D:5      | Paralysed by Grinder for 6 turns
  7164 | D:5      | Killed Grinder
  7165 | D:5      | Reached skill level 5 in Conjurations
  8427 | D:6      | Reached skill level 10 in Spellcasting
  8679 | D:6      | Found a sand-covered staircase.
  8686 | Ossuary  | Entered an ossuary
  8693 | Ossuary  | Reached XP level 9. HP: 49/49 MP: 20/25
  8911 | Ossuary  | Slain by a killer bee zombie

Illustrated notes

Levels and vault maps discovered:
D:1:      onia_arrival_pyramid, layout_loops_ring
D:2:      layout_loops_ring, basic_ecumenical_altar, uniq_crazy_yiuf_cottage
D:3:      layout_basic, minivault_25, kennysheep_orc_chapel
D:4:      layout_rooms, gammafunk_ghost_grave, guppyfry_early_orc_mine
D:5:      layout_layer_cave, uniq_grinder
D:6:      layout_loops_cross, enter_ossuary_4, serial_bayou_lagoon_a,
          minmay_unpleasant_kobolds
Ossuary:  ossuary_zaba_flooded

Skill      XL: |  1  2  3  4  5  6  7  8 |
---------------+-------------------------+-----
Spellcasting   | 5 6 7 8 10 | 10.9
Armour         | 1 2 3 |  3.1
Fighting       | 1 2 |  2.6
Conjurations   | 2 3 4 5 |  5.8
Dodging        | 3 |  3.0
Fire Magic     | 1 2 4 |  4.5
Stealth        | 3 |  3.0
Air Magic      | 1 |  1.0
Poison Magic   | 2 |  2.0
Summonings     | |  1.1
Translocations | |  1.1

Action                   |  1- 3 |  4- 6 |  7- 9 || total
-------------------------+-------+-------+-------++-------
Melee: Dagger            |       |     1 |       ||     1
       Quarterstaff      |       |    22 |       ||    22
       Whip              |       |     9 |    37 ||    46
 Cast: Magic Dart        |    76 |    20 |     6 ||   102
       Shock             |    13 |   111 |   103 ||   227
       Mephitic Cloud    |       |    11 |    10 ||    21
       Conjure Flame     |       |     3 |    13 ||    16
       Call Imp          |       |     4 |     4 ||     8
       Blink             |       |     6 |     5 ||    11
  Use: Scroll            |       |       |     1 ||     1
 Stab: Confused          |       |     1 |     2 ||     3
       Sleeping          |       |     1 |       ||     1
Armor: Leather armour    |     7 |    27 |    20 ||    54
Dodge: Dodged            |     9 |    64 |    42 ||   115
Block: Other             |       |       |    11 ||    11

Table legend: (Time is in decaauts)
 A = Elapsed time spent in this place.
 B = Non-inter-level travel time spent in this place.
 C = Inter-level travel time spent in this place.
 D = Time resting spent in this place.
 E = Time spent auto-exploring this place.
 F = Levels seen in this place.
 G = Mean time per level.
                   A        B        C        D        E       F      G
               +--------+--------+--------+--------+--------+-----+--------+
         Total |   8939 |   8443 |    496 |   1229 |   5770 |   7 | 1277.0 |
       Dungeon |   8711 |   8215 |    496 |   1053 |   5769 |   6 | 1451.8 |
       Ossuary |    228 |    228 |      0 |    176 |      1 |   1 |  228.0 |
               +--------+--------+--------+--------+--------+-----+--------+

Top non-repeatable levels by time:
     D:3: 2609 daAuts
     D:5: 1631 daAuts
     D:2: 1520 daAuts
     D:4: 1338 daAuts
     D:1: 1322 daAuts
     D:6: 288 daAuts
 Ossuary: 228 daAuts
